 Dungeon Crawl Stone Soup version 0.28-a0-1143-gcf6077d4cc (webtiles) character file.

Game seed: 11120867653959649498

3841 SensoryNuts the Cutter (level 9, -2/68 HPs)
             Began as a Demonspawn Gladiator on Dec 13, 2021.
             Succumbed to a kobold brigand's curare-tipped dart
             ... on level 9 of the Dungeon.
             The game lasted 00:14:21 (10032 turns).

SensoryNuts the Cutter (Demonspawn Gladiator)      Turns: 10032, Time: 00:14:22

Health: -2/68      AC: 26    Str: 16    XL:     9   Next: 98%
Magic:  9/9        EV:  7    Int: 10    God:
Gold:   324        SH:  0    Dex: 13    Spells: 8/8 levels left

rFire   + + .      SeeInvis .   r - +2 spear (vamp)
rCold   + . .      Faith    .   (no shield)
rNeg    . . .      Spirit   .   A - +3 plate armour {rF+}
rPois   +          Reflect  .   (helmet restricted)
rElec   +          Harm     .   i - +1 cloak
rCorr   +          Rampage  .   (no gloves)
Will    .....                   (no boots)
Stlth   ..........              (no amulet)
HPRegen 0.21/turn               k - +4 ring of protection
MPRegen 0.11/turn               w - +4 ring of protection

@: lethally poisoned (-2 -> -28), resistant, slowed, very slow
A: antennae 1, hooves 1, demonic magic 1, demonic touch 1, clumsy 1, weak 1,
MP-powered wands
a: no special abilities


You were on level 9 of the Dungeon.
You visited 1 branch of the dungeon, and saw 9 of its levels.

You collected 324 gold pieces.

Inventory:

Hand Weapons
 a - a +0 long sword
 e - a +2 dagger of draining
 h - a +3 quarterstaff of chaos
 j - a +0 vorpal long sword
 n - a +0 dagger of venom
 r - a +2 vampiric spear (weapon)
 x - a +2 dagger of flaming
Missiles
 d - 3 throwing nets (quivered)
Armour
 b - a +0 leather armour
 c - a +0 helmet
 i - a +1 cloak (worn)
 o - a +0 scale mail
 t - the +1 leather armour of the Vacuum {Int+2}
   (You found it on level 5 of the Dungeon)

   Int:       It affects your intelligence (+2).
 A - a +3 plate armour of fire resistance (worn)
 D - a scarf of shadows
Jewellery
 f - a ring of positive energy
 g - a +6 ring of intelligence
 k - a +4 ring of protection (left hand)
 l - an amulet of regeneration
 p - a ring of protection from fire
 w - a +4 ring of protection (right hand)
 C - a ring of protection from fire
Wands
 m - a wand of polymorph (9)
 q - a wand of flame (28)
 s - a wand of acid (12)
 v - a wand of iceblast (1)
 y - a wand of paralysis (9)
 H - a wand of digging (4)
Scrolls
 u - 3 scrolls of amnesia
 B - a scroll of teleportation
 G - 2 scrolls of immolation
 I - a scroll of fog
 L - a scroll of fear
Potions
 F - a potion of ambrosia
 J - a potion of might


   Skills:
 + Level 5.3 Fighting
 + Level 7.5(8.0) Short Blades
 + Level 3.9(6.2) Long Blades
 + Level 1.9 Throwing
 + Level 7.4 Armour
 + Level 5.4 Dodging
 + Level 2.3 Stealth


You had 8 spell levels left.
You didn't know any spells.
Your spell library contained the following spells:

 Spells                   Type           Power      Damage    Failure   Level
 Ensorcelled Hibernation  Hex/Ice        0%         N/A       100%        2
 Sublimation of Blood     Necr           0%         N/A       100%        2
 Tukima's Dance           Hex            0%         N/A       100%        3
 Fulminant Prism          Conj/Hex       0%         3d6       100%        4
 Iskenderun's Mystic Bla  Conj/Tloc      0%         2d3       100%        4
 Petrify                  Tmut/Erth      0%         N/A       100%        4
 Fireball                 Conj/Fire      0%         3d3       100%        5
 Irradiate                Conj/Tmut      0%         3d13      100%        5
 Iskenderun's Battlesphe  Conj           0%         2d6       100%        5
 Lee's Rapid Deconstruct  Erth           0%         3d5*      100%        5
 Conjure Ball Lightning   Conj/Air       0%         3x3d6     100%        6
 Orb of Destruction       Conj           0%         N/A       100%        7


Dungeon Overview and Level Annotations

Branches:
Dungeon (8/15)             Temple (0/1) D:6            Lair (0/6) D:9

Altars:
Ashenzari
Cheibriados
Hepliaklqana
Kikubaaqudgha
Trog
Uskayaw
Wu Jian

Shops:
D:4 ?   D:9 (


Innate Abilities, Weirdness & Mutations

You have a pair of small antennae on your head.
You have large cloven feet.
Spells you cast may paralyse adjacent enemies.
Your touch may inflict minor irresistible damage on your foes.
You are clumsy. (Dex -2)
You are weak. (Str -2)
You expend magic power (3 MP) to strengthen your wands.


Message History

A bullfrog comes into view.
The bullfrog moves out of view.
The kobold throws a stone.
The stone hits you but does no damage.
The kobold brigand throws a curare-tipped dart.
The curare-tipped dart hits you.
You are poisoned.
You have difficulty breathing.
You feel yourself slow down.
You feel very sick.
The kobold brigand throws a curare-tipped dart.
The curare-tipped dart hits you.
You are more poisoned.
You have difficulty breathing.
You feel as though you will be slow longer.
You feel extremely sick.
You feel much better.
You feel very sick.
The kobold brigand throws a curare-tipped dart.
The curare-tipped dart hits you.
You are more poisoned.
You have difficulty breathing.
You feel as though you will be slow longer.
The kobold brigand throws a curare-tipped dart.
The curare-tipped dart hits you.
You are lethally poisoned!
You have difficulty breathing.
You feel as though you will be slow longer.
* * * LOW HITPOINT WARNING * * *
You feel extremely sick.
The kobold brigand hits you but does no damage.
You hit the kobold brigand.
You touch the kobold brigand.
The kobold brigand is moderately wounded.
* * * LOW HITPOINT WARNING * * *
You feel extremely sick.
The kobold brigand hits you but does no damage.
The kobold brigand hits you with a +0 short sword.
* * * LOW HITPOINT WARNING * * *
Okay, then.
Okay, then.
You feel protected.
You die...

.))........# #.# #.........
#(#).......###'###.........
..#######..###_+......[....
### ##.###'###.######## #.#
#.# #.# #.###.###.#
#.........# #######.### #@#
#K# #K# #K##### #KK...#
#KK...# #..#KK# #..#.K#
######## #.....##########


You could see a kobold brigand and 6 kobolds.

Vanquished Creatures
  Pikel (D:9)
  Grinder (D:6)
  A wraith (D:9)
  A steam dragon (D:7)
  4 water moccasins
  2 orc warriors
  A sky beast (D:6)
  A black bear (D:5)
  4 ice beasts
  2 centaurs
  2 ogres
  2 necrophages
  2 kobold brigands
  A bullfrog (D:7)
  A gnoll sergeant (D:9)
  A scorpion (D:5)
  A water moccasin zombie (D:6)
  2 wights (D:6)
  2 howler monkeys
  2 bullfrog zombies
  4 centaur zombies
  2 hounds (D:4)
  Crazy Yiuf (D:4)
  A human zombie (D:6)
  An iguana (D:6)
  4 orc wizards
  A killer bee zombie (D:6)
  2 mummies (D:6)
  A howler monkey zombie (D:5)
  5 adders
  4 gnolls (D:9)
  2 white imps (D:6)
  An adder skeleton (D:5)
  2 dart slugs
  18 orcs
  4 ball pythons
  5 bats
  4 endoplasms (D:1)
  4 giant cockroaches (D:2)
  4 hobgoblins
  6 jackals
  6 quokkas
  4 frilled lizards (D:1)
  7 goblins
  19 kobolds
  6 rats
152 creatures vanquished.

Vanquished Creatures (others)
  An orc wizard (D:4)
  4 fungi (D:3)
  4 plants (D:3)
9 creatures vanquished.

Grand Total: 161 creatures vanquished

Notes
Turn   | Place    | Note
-------+----------+-------------------------------------------
     0 | D:1      | SensoryNuts the Demonspawn Gladiator began the quest for
                  | the Orb.
     0 | D:1      | Reached XP level 1. HP: 16/16 MP: 1/1
     7 | D:1      | Noticed a draconian
    13 | D:1      | Noticed a minotaur
    19 | D:1      | Noticed a vampire
    21 | D:1      | Noticed a merfolk
   230 | D:1      | Discovered your monstrous ancestry.
   230 | D:1      | Gained mutation: You have large cloven feet. [demonic
                  | ancestry]
   230 | D:1      | Reached XP level 2. HP: 18/22 MP: 2/2
   830 | D:2      | Reached XP level 3. HP: 16/27 MP: 3/3
  1410 | D:2      | Reached skill level 1 in Armour
  1658 | D:2      | Gained mutation: You have a pair of small antennae on your
                  | head. [demonic ancestry]
  1658 | D:2      | Reached XP level 4. HP: 28/34 MP: 4/4
  2560 | D:3      | Found a faded altar of an unknown god.
  2973 | D:3      | Found a broken altar of Ashenzari.
  3274 | D:3      | Gained mutation: Your spells are a little easier to cast,
                  | but a little less powerful. [potion of mutation]
  3274 | D:3      | Gained mutation: You expend magic power (3 MP) to
                  | strengthen your wands. [potion of mutation]
  3275 | D:3      | Lost mutation: Your spells are a little easier to cast, but
                  | a little less powerful. [potion of mutation]
  3275 | D:3      | Lost mutation: You expend magic power (3 MP) to strengthen
                  | your wands. [potion of mutation]
  3275 | D:3      | Gained mutation: You are clumsy. (Dex -2) [potion of
                  | mutation]
  3275 | D:3      | Gained mutation: You are weak. (Str -2) [potion of
                  | mutation]
  3275 | D:3      | Gained mutation: You expend magic power (3 MP) to
                  | strengthen your wands. [potion of mutation]
  3370 | D:4      | Reached XP level 5. HP: 39/39 MP: 5/5
  3389 | D:4      | Reached skill level 1 in Short Blades
  3798 | D:4      | Found Vickealo's Magic Scroll Boutique.
  4045 | D:4      | Found a runed translucent door.
  4046 | D:4      | Noticed Crazy Yiuf
  4059 | D:4      | Killed Crazy Yiuf
  4060 | D:4      | Reached skill level 1 in Stealth
  4445 | D:5      | Entered Level 5 of the Dungeon
  4452 | D:5      | Noticed a necrophage
  4465 | D:5      | Killed a necrophage
  4466 | D:5      | Reached XP level 6. HP: 31/46 MP: 6/6
  4853 | D:5      | Noticed a water moccasin
  4864 | D:5      | Killed a water moccasin
  4865 | D:5      | Gained mutation: Your touch may inflict minor irresistible
                  | damage on your foes. [demonic ancestry]
  4865 | D:5      | Reached XP level 7. HP: 51/51 MP: 7/7
  4898 | D:5      | Found a hazy altar of Hepliaklqana.
  5256 | D:5      | Identified the +1 leather armour of the Vacuum {Int+2}
  5493 | D:5      | Reached skill level 5 in Armour
  5766 | D:6      | Gained mutation: Spells you cast may paralyse adjacent
                  | enemies. [demonic ancestry]
  5766 | D:6      | Reached XP level 8. HP: 58/58 MP: 8/8
  5897 | D:6      | Noticed Grinder
  5933 | D:6      | Paralysed by Grinder for 5 turns
  5949 | D:6      | Killed Grinder
  6306 | D:6      | Found a staircase to the Ecumenical Temple.
  6367 | D:6      | Found an ornate altar of the Wu Jian Council.
  6697 | D:6      | Reached skill level 5 in Short Blades
  7224 | D:6      | Reached XP level 9. HP: 48/65 MP: 9/9
  7362 | D:6      | Found an ancient bone altar of Kikubaaqudgha.
  7669 | D:7      | Reached skill level 5 in Dodging
  8457 | D:8      | You fall into a shaft and drop 1 floor!
  8457 | D:9      | Noticed Pikel
  8503 | D:9      | Killed Pikel
  8504 | D:9      | Reached skill level 5 in Fighting
  8729 | D:9      | Found a bloodstained altar of Trog.
  8750 | D:9      | Found Nurosol's Weapon Boutique.
  9155 | D:9      | Found a hide-covered altar of Uskayaw.
  9162 | D:9      | Found a snail-covered altar of Cheibriados.
  9561 | D:9      | Noticed a death yak
  9563 | D:9      | Found a staircase to the Lair.
  9563 | D:9      | Noticed a death yak
  9563 | D:9      | Noticed a death yak
  9564 | D:9      | Noticed a death yak
  9564 | D:9      | Noticed a death yak
  9566 | D:9      | Noticed a death yak
 10032 | D:9      | Succumbed to a kobold brigand's curare-tipped dart

Illustrated notes

Levels and vault maps discovered:
D:1:      shiori_arrival_whats_in_store_for_you, layout_loops_ring
D:2:      layout_basic
D:3:      layout_loops_corners, ashenzari_conservatory_becter,
          shapermc_ecumenical_altar_mp_ritualfount
D:4:      layout_loops_ring, serial_shops, shop, kennysheep_path_1,
          minmay_misc_feat_five, uniq_crazy_yiuf_cottage
D:5:      layout_cave_pools, mainiacjoe_overflow_concentric_impassable
D:6:      layout_loops_corners, mainiacjoe_overflow_chevrons,
          lemuel_mausoleum_altar_kikubaaqudgha,
          minmay_temple_entry_enclosed_plants, uniq_grinder
D:7:      layout_loops_cross, dk_vineyard_3
D:8:      layout_gridville, lemuel_round_altar, amcnicky_altar_gilded,
          gammafunk_ghost_ooze, mrwooster_statue_mirror, uniq_gastronok
D:9:      layout_stronghold, lemuel_doored_altar, grunt_temple_overflow_open,
          dpeg_lair_monsters, serial_shops, kennysheep_little_box, uniq_pikel

Skill      XL: |  1  2  3  4  5  6  7  8  9 |
---------------+----------------------------+-----
Long Blades    | 3 |  3.9
Dodging        | 3 4 5 |  5.4
Armour         | 1 2 3 5 6 7 |  7.4
Short Blades   | 1 2 3 5 7 |  7.5
Stealth        | 1 2 |  2.3
Fighting       | 3 4 5 |  5.3
Throwing       | |  1.9

Action                   |  1- 3 |  4- 6 |  7- 9 || total
-------------------------+-------+-------+-------++-------
Melee: Long sword        |    94 |     6 |       ||   100
       Kick              |    15 |    47 |   164 ||   226
       Dagger            |       |   163 |   462 ||   625
       Touch             |       |       |   104 ||   104
       Spear             |       |       |    48 ||    48
  Use: Potion            |       |     7 |     6 ||    13
       Scroll            |       |     4 |    10 ||    14
 Stab: Sleeping          |     3 |     1 |       ||     4
Armor: Leather armour    |    39 |     2 |       ||    41
       Scale mail        |       |    95 |   128 ||   223
       Plate armour      |       |       |   171 ||   171
Dodge: Dodged            |    69 |    88 |   178 ||   335

Table legend: (Time is in decaauts)
 A = Elapsed time spent in this place.
 B = Non-inter-level travel time spent in this place.
 C = Inter-level travel time spent in this place.
 D = Time resting spent in this place.
 E = Time spent auto-exploring this place.
 F = Levels seen in this place.
 G = Mean time per level.
                   A        B        C        D        E       F      G
               +--------+--------+--------+--------+--------+-----+--------+
         Total |   9904 |   9904 |      0 |      0 |   7993 |   9 | 1100.4 |
       Dungeon |   9904 |   9904 |      0 |      0 |   7993 |   9 | 1100.4 |
               +--------+--------+--------+--------+--------+-----+--------+

Top non-repeatable levels by time:
     D:6: 1852 daAuts
     D:9: 1556 daAuts
     D:2: 1489 daAuts
     D:5: 1212 daAuts
     D:4: 1156 daAuts
     D:3: 1018 daAuts
     D:7: 818 daAuts
     D:1: 788 daAuts
     D:8: 13 daAuts
